Map: Ley Lines

Players

Solar

  • Race: Zerg Zerg
  • Spawn Location: 7:00

Clem - Winner!

  • Race: Terran Terran
  • Spawn Location: 1:00

Event: Esports World Cup 2025

VOD

Have the link to the VOD?

Description

Time

  • Played on: July 23, 2025, 8:01 a.m.
  • Length: 5:44

All games in this series

Show
View Real Time Build Order
Export as new Build Order

Solar Zerg 

Build Orders: Hatch First 

Get SALT Encoding   

  12  0:00  Drone  
  13  0:08  Drone  
  14  0:14  Drone, Extractor  
  15  0:35  Hatchery  
  15  0:39  Extractor  
  15  0:40  Drone  
  15  0:45  Overlord  
  15  1:00  Spawning Pool  
  14  1:04  Drone  
  14  1:07  Drone  
  14  1:11  Drone  
  17  1:17  Drone  
  18  1:26  Drone  
  19  1:37  Drone  
  20  1:47  Queen x2  
  20  1:48  Zergling x2  
  20  1:50  Drone  
  26  1:58  Overlord  
  26  1:59  Drone  
  27  2:09  Drone  
  27  2:15  Hatchery  
  27  2:17  Drone  
  28  2:26  Queen  
  28  2:28  Extractor  
  29  2:32  Drone  
  29  2:37  Drone  
  29  2:39  Drone  
  29  2:41  Overlord  
  29  2:43  Drone  
  32  2:46  Drone  
  33  2:52  Drone x2  
  33  2:56  Drone  
  36  3:00  Drone x3  
  36  3:04  Drone x2  
  41  3:08  Overlord  
  41  3:12  Drone  
  42  3:15  Drone  
  43  3:20  Roach Warren  
  43  3:21  Drone  
  43  3:30  Queen  
  43  3:31  Drone  
  43  3:33  Drone, Extractor  
  45  3:35  Metabolic Boost  
  45  3:38  Extractor  
  45  3:40  Zergling x4  
  46  3:44  Drone  
  46  3:48  Drone  
  48  3:51  Drone x3  
  46  3:56  Overlord  
  46  4:00  Drone  
  45  4:03  Roach  
  45  4:05  Roach  
  48  4:14  Roach  
  48  4:16  Zergling x6  
  53  4:17  Drone  
  53  4:19  Roach  
  53  4:20  Drone  
  57  4:25  Roach  
  57  4:27  Overlord  
  57  4:31  Overlord  
  59  4:34  Roach  
  59  4:37  Roach  
  63  4:44  Zergling x8  
  62  4:51  Zergling x6  
  61  4:56  Roach  
  61  4:58  Zergling x2  
  63  5:01  Zergling x2  
  63  5:03  Zergling x2  
  63  5:05  Ravager  
  66  5:07  Spore Crawler  
  66  5:10  Ravager  
  66  5:11  Overlord  
  66  5:15  Zergling x2  
  66  5:17  Zergling x2  
  66  5:20  Zergling x4  
  70  5:23  Zergling x2  
  70  5:24  Zergling x2  
Show
View Real Time Build Order
Export as new Build Order

Clem Terran - Winner!

Build Orders: Reaper Expand, Hellion Banshee 

Get SALT Encoding   

  12  0:00  SCV  
  13  0:12  SCV  
  14  0:16  Supply Depot  
  14  0:24  SCV  
  15  0:38  SCV  
  15  0:39  Barracks  
  15  0:42  Refinery  
  16  0:50  SCV  
  17  1:02  SCV  
  18  1:14  SCV  
  19  1:26  Orbital Command, Reaper  
  20  1:38  Command Center  
  20  1:46  Supply Depot  
  20  1:53  SCV  
  21  1:58  Marine  
  22  2:09  Factory, SCV  
  23  2:19  Barracks Reactor  
  23  2:21  SCV  
  24  2:34  SCV  
  25  2:40  Command Center  
  25  2:46  SCV  
  25  2:50  Orbital Command  
  26  3:00  Hellion x2  
  26  3:02  SCV  
  31  3:08  Starport  
  31  3:13  Refinery  
  31  3:14  SCV  
  31  3:16  SCV  
  31  3:19  Barracks Tech Lab  
  33  3:23  Hellion  
  35  3:28  Hellion  
  35  3:30  SCV  
  35  3:31  SCV  
  39  3:42  SCV  
  39  3:43  SCV  
  39  3:48  Hellion  
  43  3:50  Hellion  
  43  3:54  SCV  
  43  3:55  Banshee, SCV  
  43  3:56  Orbital Command  
  43  3:59  Cloaking Field  
  46  4:07  Supply Depot  
  46  4:09  Barracks Tech Lab, SCV x2  
  48  4:20  Barracks  
  48  4:21  SCV  
  48  4:22  Barracks  
  48  4:23  SCV  
  49  4:25  SCV  
  49  4:30  Factory Reactor, Refinery  
  50  4:33  SCV  
  50  4:36  Marine  
  50  4:38  Banshee  
  52  4:41  SCV  
  52  4:44  SCV  
  55  4:46  Supply Depot  
  55  4:48  SCV  
  54  4:53  Marine, SCV  
  54  4:55  Engineering Bay x2  
  54  4:56  SCV  
  53  5:00  Refinery  
  53  5:01  SCV  
  53  5:05  SCV  
  55  5:08  SCV  
  55  5:09  Supply Depot  
  55  5:12  Marine x2  
  55  5:13  Bunker, SCV  
  59  5:15  Marine x2  
  59  5:20  Marine  
  63  5:24  SCV  
  63  5:30  SCV  
  66  5:35  Starport Reactor  
Tags
 
Add a new tag
Caveats
  • Supply blocks, unpowered buildings, or Contaminate may cause inaccurate times.
  • Supply counts are checked every 10 seconds.